 Dungeon Crawl Stone Soup version 0.29-a0-495-g17b79114eb (webtiles) character file.

Game seed: 13038507797754539326

98 YayAnonymity the Shield-Bearer (level 4, -1/41 HPs)
             Began as a Gnoll Fighter on May 27, 2022.
             Slain by Grinder (4 damage)
             ... on level 3 of the Dungeon.
             The game lasted 00:02:05 (1442 turns).

YayAnonymity the Shield-Bearer (Gnoll Fighter)      Turns: 1442, Time: 00:02:06

Health: -1/41      AC:  7    Str: 16    XL:     4   Next: 69%
Magic:  5/5        EV:  9    Int:  9    God:
Gold:   166        SH:  0    Dex: 11    Spells: 5/5 levels left

rFire   . . .      SeeInvis .   a - +0 trident
rCold   . . .      Faith    .   f - orb {light}
rNeg    . . .      Spirit   .   b - +0 scale mail
rPois   .          Reflect  .   (no helmet)
rElec   .          Harm     .   o - scarf {+Inv}
rCorr   .          Rampage  .   (no gloves)
Will    .....                   (no boots)
Stlth   ..........              (no amulet)
HPRegen 0.13/turn               (no ring)
MPRegen 0.09/turn               (no ring)

@: mighty, glowing
A: fangs 1, strong nose, distributed training
a: Evoke Invisibility


You were on level 3 of the Dungeon.
You visited 1 branch of the dungeon, and saw 3 of its levels.

You collected 166 gold pieces.

Inventory:

Hand Weapons
 a - a +0 trident (weapon)
Armour
 b - a +0 scale mail (worn)
 c - a +0 buckler
 f - an orb of light (worn)
 o - a scarf of invisibility (worn)
Scrolls
 e - 3 scrolls of identify {unknown}
 g - a scroll of immolation {unknown}
 h - 2 scrolls of enchant armour {unknown}
 i - a scroll of noise {unknown}
 j - a scroll of summoning {unknown}
 k - a scroll of blinking {unknown}
 m - a scroll of vulnerability {unknown}
 p - a scroll of fear {unknown}
 q - a scroll of amnesia {unknown}
Potions
 l - a potion of heal wounds {unknown}
 n - a potion of invisibility {unknown}


   Skills:
 + Level 6.6 Fighting
 + Level 1.2 Short Blades
 + Level 1.2 Long Blades
 + Level 1.2 Axes
 + Level 1.2 Maces & Flails
 + Level 4.7 Polearms
 + Level 1.2 Staves
 + Level 1.2 Slings
 + Level 1.2 Bows
 + Level 1.2 Crossbows
 + Level 1.2 Throwing
 + Level 6.6 Armour
 + Level 1.2 Dodging
 + Level 1.2 Stealth
 + Level 6.6 Shields
 + Level 1.2 Unarmed Combat
 + Level 1.2 Spellcasting
 + Level 1.0 Conjurations
 + Level 1.0 Hexes
 + Level 1.0 Summonings
 + Level 1.0 Necromancy
 + Level 1.0 Translocations
 + Level 1.0 Transmutations
 + Level 1.0 Fire Magic
 + Level 1.0 Ice Magic
 + Level 1.0 Air Magic
 + Level 1.0 Earth Magic
 + Level 1.0 Poison Magic
 + Level 1.3 Invocations
 + Level 1.2 Evocations


You had 5 spell levels left.
You didn't know any spells.
Your spell library was empty.

Dungeon Overview and Level Annotations

Branches:
Dungeon (3/15)

Altars:
Ru

Shops:
D:2 *

Annotations:
D:3 Grinder


Innate Abilities, Weirdness & Mutations

You have very sharp teeth.
Your uncanny sense of smell can sniff out nearby items.
Your experience applies equally to all skills.


Message History

Moving in this stuff is going to be slow.
You hit the hobgoblin.
The hobgoblin is heavily wounded.
The hobgoblin hits you.
Your unstable footing causes you to fumble your attack.
The hobgoblin hits you.
You barely miss the hobgoblin.
The hobgoblin is heavily wounded.
The hobgoblin hits you.
You puncture the hobgoblin!
You kill the hobgoblin!
Your unstable footing causes you to fumble your attack.
Grinder blinks!
You reach to attack!
You hit Grinder.
Grinder is lightly wounded.
Your unstable footing causes you to fumble your attack.
Grinder hits you.
You writhe in agony.
Your unstable footing causes you to fumble your attack.
Grinder hits you.
You writhe in agony.
Grinder closely misses you.
You are too injured to fight recklessly!
You are too injured to fight recklessly!
You are too injured to fight recklessly!
You are too injured to fight recklessly!
Grinder attacks as you move away! Grinder hits you but does no damage.
You hit Grinder but do no damage.
Grinder is lightly wounded.
Grinder hits you.
You writhe in agony.
* * * LOW HITPOINT WARNING * * *
You feel very mighty all of a sudden. Grinder hits you!
* * * LOW HITPOINT WARNING * * *
You writhe in agony.
* * * LOW HITPOINT WARNING * * *
You barely miss Grinder. You bite Grinder.
Grinder is lightly wounded.
Grinder barely misses you.
You barely miss Grinder.
Grinder is lightly wounded.
Grinder hits you.
You die...

#...#...#.. ..#.. #.
#..#.....#. #.#.# #.
#..#.≈≈≈.#. #.#.# #.
#..#≈...≈#. #.#.#..#
#..###..#≈._.≈#.##.#.#..#
#.§.....#≈...≈#......#..#
#.####[.#.≈≈≈.#.##.#.#..#
######<......#5....#......#..#
<.......#####@#...#.#<#.#.#..#
#######.# ##.#.#..#####.#..#
#.# #.#..........†.# #.#
....######.#†.. #.# #...##
#.#..# #.# # ### #.#...
#.#################.#.##
#.....................#
###################.####


You could see Grinder.

Vanquished Creatures
  4 adders (D:2)
  A gnoll (D:1)
  A dart slug (D:2)
  5 ball pythons
  8 endoplasms
  2 giant cockroaches (D:1)
  2 goblins
  3 hobgoblins
  8 jackals
  A quokka (D:2)
  A bat (D:1)
  2 frilled lizards
  5 kobolds
  3 rats
46 creatures vanquished.

Notes
Turn   | Place    | Note
-------+----------+-------------------------------------------
     0 | D:1      | YayAnonymity the Gnoll Fighter began the quest for the Orb.
     0 | D:1      | Reached XP level 1. HP: 23/23 MP: 1/1
    70 | D:1      | Found a faded altar of an unknown god.
    92 | D:1      | Reached XP level 2. HP: 29/29 MP: 2/2
   267 | D:1      | Reached XP level 3. HP: 35/35 MP: 3/3
   624 | D:2      | Found Roq Mase's General Store.
   637 | D:2      | Reached skill level 1 in Invocations
   676 | D:2      | Reached skill level 1 in Short Blades
   676 | D:2      | Reached skill level 1 in Long Blades
   676 | D:2      | Reached skill level 1 in Axes
   676 | D:2      | Reached skill level 1 in Maces & Flails
   676 | D:2      | Reached skill level 1 in Staves
   676 | D:2      | Reached skill level 1 in Slings
   676 | D:2      | Reached skill level 1 in Bows
   676 | D:2      | Reached skill level 1 in Crossbows
   676 | D:2      | Reached skill level 1 in Throwing
   676 | D:2      | Reached skill level 1 in Dodging
   676 | D:2      | Reached skill level 1 in Stealth
   676 | D:2      | Reached skill level 1 in Unarmed Combat
   676 | D:2      | Reached skill level 1 in Spellcasting
   676 | D:2      | Reached skill level 1 in Evocations
   750 | D:2      | Reached XP level 4. HP: 41/41 MP: 5/5
  1240 | D:2      | Reached skill level 1 in Conjurations
  1240 | D:2      | Reached skill level 1 in Hexes
  1240 | D:2      | Reached skill level 1 in Summonings
  1240 | D:2      | Reached skill level 1 in Necromancy
  1240 | D:2      | Reached skill level 1 in Translocations
  1240 | D:2      | Reached skill level 1 in Transmutations
  1240 | D:2      | Reached skill level 1 in Fire Magic
  1240 | D:2      | Reached skill level 1 in Ice Magic
  1240 | D:2      | Reached skill level 1 in Air Magic
  1240 | D:2      | Reached skill level 1 in Earth Magic
  1240 | D:2      | Reached skill level 1 in Poison Magic
  1424 | D:3      | Noticed Grinder
  1426 | D:3      | Found a sacrificial altar of Ru.
  1442 | D:3      | Slain by Grinder

Illustrated notes

Levels and vault maps discovered:
D:1:      dpeg_arrival_erosion, layout_rooms, basic_ecumenical_altar,
          amethyst_killhole, minmay_tromino_v4_b
D:2:      layout_basic, serial_shops, shop
D:3:      layout_basic, old_standard_altar, nicolae_ru_awakened_eye,
          uniq_sigmund, uniq_jessica, uniq_ijyb, uniq_grinder

Skill      XL: |  1  2  3  4 |
---------------+-------------+-----
Invocations    | 1 |  1.3
Short Blades   | 1 |  1.2
Long Blades    | 1 |  1.2
Axes           | 1 |  1.2
Maces & Flails | 1 |  1.2
Staves         | 1 |  1.2
Slings         | 1 |  1.2
Bows           | 1 |  1.2
Crossbows      | 1 |  1.2
Throwing       | 1 |  1.2
Dodging        | 1 |  1.2
Stealth        | 1 |  1.2
Unarmed Combat | 1 |  1.2
Spellcasting   | 1 |  1.2
Evocations     | 1 |  1.2
Conjurations   | 1 |  1.0
Hexes          | 1 |  1.0
Summonings     | 1 |  1.0
Necromancy     | 1 |  1.0
Translocations | 1 |  1.0
Transmutations | 1 |  1.0
Fire Magic     | 1 |  1.0
Ice Magic      | 1 |  1.0
Air Magic      | 1 |  1.0
Earth Magic    | 1 |  1.0
Poison Magic   | 1 |  1.0
Fighting       | |  6.6
Polearms       | |  4.7
Armour         | |  6.6
Shields        | |  6.6

Action                   |  1- 3 |  4- 6 || total
-------------------------+-------+-------++-------
Melee: Trident           |    57 |    60 ||   117
       Bite              |     3 |     4 ||     7
  Use: Potion            |       |     1 ||     1
Armor: Scale mail        |    22 |    36 ||    58
Dodge: Dodged            |    19 |    35 ||    54
Block: Buckler           |     1 |       ||     1

Table legend: (Time is in decaauts)
 A = Elapsed time spent in this place.
 B = Non-inter-level travel time spent in this place.
 C = Inter-level travel time spent in this place.
 D = Time resting spent in this place.
 E = Time spent auto-exploring this place.
 F = Levels seen in this place.
 G = Mean time per level.
                   A        B        C        D        E       F      G
               +--------+--------+--------+--------+--------+-----+--------+
         Total |   1451 |   1424 |     27 |      0 |   1161 |   3 |  483.7 |
       Dungeon |   1451 |   1424 |     27 |      0 |   1161 |   3 |  483.7 |
               +--------+--------+--------+--------+--------+-----+--------+

Top non-repeatable levels by time:
     D:2: 740 daAuts
     D:1: 610 daAuts
     D:3: 99 daAuts
